 Dungeon Crawl Stone Soup version 0.17.0-22-g5edae84 (webtiles) character file.

805 inmateoo the Frost Mage (level 7, 0/50 HPs)
             Began as a Ghoul Ice Elementalist on Nov 12, 2015.
             Was a Believer of Qazlal.
             Slain by an ice beast (7 damage)
             ... on level 5 of the Dungeon.
             The game lasted 00:22:43 (5173 turns).

inmateoo the Frost Mage (Ghoul Ice Elementalist)    Turns: 5173, Time: 00:22:43

Health: 0/50       AC:  6    Str: 12    XL:     7   Next: 91%
Magic:  9/12       EV: 12    Int: 12    God:    Qazlal [**....]
Gold:   201        SH:  3    Dex:  9    Spells: 4 memorised, 4 levels left

rFire  . . .     SeeInvis .     k - +1 spear
rCold  + . .     Clarity  .     l - +1 animal skin
rNeg   + + +     SustAt   .     (no shield)
rPois  ∞         Gourm    .     j - +1 helmet
rElec  .         Spirit   .     h - +0 cloak
rCorr  .         Warding  .     (no gloves)
rMut   .         Stasis   .     (no boots)
MR     .....                    (no amulet)
Stlth  +.........               (no ring)
                                (no ring)

@: rotting, not resistant to hostile enchantments, very unstealthy
A: rotting body, claws 1, carnivore 3, cold resistance 1, negative energy
resistance 3, slow regeneration 1, torment resistance, unbreathing
a: Upheaval, Renounce Religion


You were on level 5 of the Dungeon.
You worshipped Qazlal.
Qazlal was pleased with you.
You were not hungry.

You visited 1 branch of the dungeon, and saw 5 of its levels.

You collected 201 gold pieces.

Inventory:

Hand Weapons
 k - a +1 spear (weapon)
 s - a +1 hand axe of freezing
Armour
 h - a +0 cloak (worn)
 j - a +1 helmet (worn)
 l - a +1 animal skin (worn)
Scrolls
 m - a scroll of remove curse
 n - a scroll of recharging
 q - 2 scrolls of teleportation
 u - a scroll of fog
Potions
 a - a potion of ambrosia
 d - a potion of invisibility {unknown}
 e - 2 potions of haste {unknown}
 f - a potion of heal wounds {unknown}
 i - 3 potions of curing
 o - a potion of resistance {unknown}
 p - a potion of cure mutation {unknown}
 r - a potion of flight {unknown}
Books
 b - a book of Frost

   Spells                             Type                      Level
   a - Freeze                         Ice                          1
   b - Throw Frost                    Conjuration/Ice              2
   c - Ozocubu's Armour               Charms/Ice                   3
   d - Throw Icicle                   Conjuration/Ice              4
   e - Summon Ice Beast               Ice/Summoning                4
   f - Condensation Shield            Ice                          4
Comestibles
 c - 4 meat rations
 g - a beef jerky


   Skills:
 - Level 1.7 Dodging
 - Level 2.1 Stealth
 + Level 4.2 Spellcasting
 + Level 2.0 Conjurations
 * Level 8.1 Ice Magic


You had 4 spell levels left.
You knew the following spells:

 Your Spells              Type           Power        Failure   Level  Hunger
a - Freeze                Ice            ###.         1%          1    None
b - Throw Frost           Conj/Ice       ##....       4%          2    ##.....
c - Ozocubu's Armour      Chrm/Ice       ##......     14%         3    ###....
d - Throw Icicle          Conj/Ice       ##......     28%         4    ####...


Dungeon Overview and Level Annotations

Branches:
Dungeon (5/15)
 Temple: D:4-7

Altars:
Gozag
Qazlal
Trog

Annotations:
D:3 Natasha, Sigmund


Innate Abilities, Weirdness & Mutations

Your body is rotting away.
You thrive on raw meat.
You are immune to poison.
You have sharp fingernails.
You are carnivorous and can eat meat at any time.
Your flesh is cold resistant.
You are immune to negative energy.
You regenerate slowly when monsters are visible.
You are immune to unholy pain and torment.
You can survive without breathing.


Message History

The centaur hits you but does no damage.
Casting: Freeze
Confirm with . or Enter, or press ? or * to list all spells.
Aiming: Freeze
Press: ? - help, Shift-Dir - straight line, f/p - centaur
Aim: a centaur (lightly wounded)
You freeze the centaur.
The centaur is heavily wounded.
The centaur hits you but does no damage.
Casting: Freeze
Confirm with . or Enter, or press ? or * to list all spells.
Aiming: Freeze
Press: ? - help, Shift-Dir - straight line, f/p - centaur
Aim: a centaur (heavily wounded)
You freeze the centaur.
The centaur is severely wounded.
The centaur completely misses you. The ice beast hits you.
* * * LOW HITPOINT WARNING * * *
The ice beast freezes you! You resist.
You die...

####..............#######
#.......#'##...........#.
+.......#..#........§..#.
#.......#..#...........#.
###.......##'#.............
#....######..############## #
#....'.........# #.
#....#...§.....# #.
#....#...c@Y..(#
#..#....#..####(############## .
#..#....#..###..#.)(..........
M..#..'....#>...Y..#<............
...#..#....#.......#[)...........
...#..#....'.......#.............
...####....######)##.............
........#+##......[..........####
........# #.................# #


You could see an ice beast and a centaur.

Vanquished Creatures
  Menkaure (D:5)
  An ogre (D:4)
  A sky beast (D:4)
  A centaur (D:5)
  A gnoll shaman (D:2)
  A giant frog skeleton (D:4)
  An orc priest (D:4)
  Natasha (twice) (D:3)
  3 orc wizards
  Robin (D:3)
  7 gnolls (D:3)
  4 adders (D:2)
  An ooze (D:1)
  4 giant geckos
  14 orcs
  A bat (D:3)
  7 giant cockroaches
  16 goblins
  14 hobgoblins
  4 jackals
  A ball python (D:2)
  A giant newt (D:2)
  A jackal skeleton (D:4)
  7 kobolds
  2 quokkas
  13 rats
  A plant (D:2)
111 creatures vanquished.

Notes
Turn   | Place    | Note
--------------------------------------------------------------
     0 | D:1      | inmateoo the Ghoul Ice Elementalist began the quest for the Orb.
     0 | D:1      | Reached XP level 1. HP: 14/14 MP: 2/2
   222 | D:1      | Reached XP level 2. HP: 7/20 MP: 0/3
   226 | D:1      | Learned a level 2 spell: Throw Frost
   827 | D:1      | Reached skill level 4 in Ice Magic
   901 | D:2      | Reached XP level 3. HP: 22/26 MP: 0/5
   906 | D:2      | Learned a level 3 spell: Ozocubu's Armour
  1333 | D:2      | Reached XP level 4. HP: 27/33 MP: 0/6
  1445 | D:2      | Found a faded altar to an unknown god.
  1501 | D:2      | Became a worshipper of Qazlal Stormbringer
  1501 | D:2      | Reached * piety under Qazlal
  1690 | D:3      | Noticed Sigmund
  1904 | D:3      | Noticed Robin
  1908 | D:3      | Reached skill level 5 in Ice Magic
  2026 | D:3      | Killed Robin
  2036 | D:3      | Reached ** piety under Qazlal
  2056 | D:3      | Noticed Natasha
  2067 | D:3      | Killed Natasha
  2067 | D:3      | Reached XP level 5. HP: 26/38 MP: 1/8
  2886 | D:3      | Reached skill level 6 in Ice Magic
  2891 | D:3      | Reached XP level 6. HP: 33/44 MP: 0/9
  2925 | D:3      | Found an opulent altar of Gozag.
  2925 | D:3      | Found a bloodstained altar of Trog.
  3125 | D:3      | Noticed Natasha
  3159 | D:3      | Killed Natasha
  3231 | D:3      | Noticed Natasha
  3803 | D:4      | Reached skill level 7 in Ice Magic
  3817 | D:4      | Reached XP level 7. HP: 50/50 MP: 3/11
  3938 | D:4      | Learned a level 4 spell: Throw Icicle
  4263 | D:4      | Reached skill level 1 in Conjurations
  4715 | D:5      | Entered Level 5 of the Dungeon
  4913 | D:5      | Noticed Menkaure
  5046 | D:5      | Killed Menkaure
  5046 | D:5      | Reached skill level 8 in Ice Magic
  5173 | D:5      | Slain by an ice beast

Action                   |  1- 3 |  4- 6 |  7- 9 || total
-------------------------+-------+-------+-------++-------
Melee: Unarmed           |    19 |       |       ||    19
       Club              |    17 |       |       ||    17
       Spear             |    18 |    94 |    28 ||   140
 Cast: Freeze            |    47 |   110 |    43 ||   200
       Throw Frost       |       |     8 |     1 ||     9
       Ozocubu's Armour  |       |     1 |     1 ||     2
  Use: Scroll            |       |     8 |     3 ||    11
 Stab: Sleeping          |     5 |       |       ||     5
  Eat: Chunk             |    14 |    26 |    13 ||    53
